PBL
MILWAUKEE BREWERS @ TORONTO BLUE JAYS
08/26/2070
 
TOP OF THE 1ST
Milwaukee Brewers batting - Pitching for Toronto Blue Jays : RHP Matt Conl
Pitching: RHP Matt Conl
Batting: LHB John Brosseau 0-0: Called Strike
0-1: Called Strike
0-2: SINGLE (Flyball, 3D, EV 89.4 MPH)
Batting: SHB Raúl Romero 0-0: Foul Ball, location: 7LDF
0-1: DOUBLE (Flyball, 89D, EV 101.9 MPH)
John Brosseau to third
Batting: LHB Stanley Hawkins 0-0: Ball
1-0: Called Strike
1-1: Ball
2-1: Ball
3-1: Base on Balls
Batting: SHB Ray Day 0-0: Fly out, F7 (Flyball, 7LS, EV 86.9 MPH)
Batting: LHB Bing-zhang Sun 0-0: Ball
1-0: Fielders Choice at 2nd, 5-4 (Groundball, 56S, EV 93.8 MPH)
John Brosseau scores
Raúl Romero to third
Batting: RHB Aaron Carlisle 0-0: Called Strike
0-1: Foul Ball, location: 3FF
0-2: Fly out, F8 (Flyball, 8LM, EV 81.9 MPH)
Top of the 1st over - 1 run, 2 hits, 0 errors, 2 left on base; Milwaukee 1 - Toronto 0
BOTTOM OF THE 1ST
Toronto Blue Jays batting - Pitching for Milwaukee Brewers : RHP Héctor Alemán
Pitching: RHP Héctor Alemán
Batting: LHB Mike González 0-0: Ball
1-0: Called Strike
1-1: Swinging Strike
1-2: Ball
2-2: Foul Ball, location: 2F
2-2: Strikes out looking
Batting: LHB Dai-lin Xiu 0-0: Ball
1-0: Ball
2-0: Called Strike
2-1: Foul Ball, location: 7LSF
2-2: Ground out 4-3 (Groundball, 34, EV 103.8 MPH)
Batting: LHB John Alcorn 0-0: Ball
1-0: Ball
2-0: Called Strike
2-1: Ball
3-1: Ground out 6-3 (Groundball, 4MS, EV 73.1 MPH)
Bottom of the 1st over - 0 runs, 0 hits, 0 errors, 0 left on base; Milwaukee 1 - Toronto 0
TOP OF THE 2ND
Milwaukee Brewers batting - Pitching for Toronto Blue Jays : RHP Matt Conl
Batting: RHB Troy Gunther 0-0: Called Strike
0-1: Fly out, F5 (Popup, 5, EV 70.6 MPH)
Batting: RHB Mike Miller 0-0: Ball
1-0: Ball
2-0: Reached on error, E3 (Groundball, 34S, EV 70.0 MPH)
Batting: RHB Steve White 0-0: Called Strike
0-1: Foul Ball, location: 2F
0-2: Ball
1-2: Strikes out swinging
Batting: LHB John Brosseau 0-0: Ball
1-0: Called Strike
1-1: Ball
2-1: Fielders Choice at 2nd, 5-4 (Groundball, 5, EV 100.6 MPH)
Top of the 2nd over - 0 runs, 0 hits, 1 error, 1 left on base; Milwaukee 1 - Toronto 0
BOTTOM OF THE 2ND
Toronto Blue Jays batting - Pitching for Milwaukee Brewers : RHP Héctor Alemán
Batting: LHB Stan Encell 0-0: Called Strike
0-1: Ball
1-1: Foul Ball, location: 2F
1-2: Strikes out swinging
Batting: LHB Mels Isabekian 0-0: Ball
1-0: Ground out 4-3 (Groundball, 4, EV 101.3 MPH)
Batting: RHB Jesús González 0-0: Foul Ball, location: 7LSF
0-1: Foul Ball, location: 2F
0-2: Fly out, F7 (Line Drive, 7, EV 96.3 MPH)
Bottom of the 2nd over - 0 runs, 0 hits, 0 errors, 0 left on base; Milwaukee 1 - Toronto 0
TOP OF THE 3RD
Milwaukee Brewers batting - Pitching for Toronto Blue Jays : RHP Matt Conl
Batting: SHB Raúl Romero 0-0: Ball
1-0: Swinging Strike
1-1: Ball
2-1: Swinging Strike
2-2: Ball
3-2: Fly out, F3 (Popup, 34, EV 81.3 MPH)
Batting: LHB Stanley Hawkins 0-0: Called Strike
0-1: Ball
1-1: Ball
2-1: Ball
3-1: Swinging Strike
3-2: Base on Balls
Batting: SHB Ray Day 0-0: Fly out, F8 (Flyball, 8RD, EV 95.0 MPH)
Batting: LHB Bing-zhang Sun 0-0: Called Strike
0-1: Ball
1-1: Ball
2-1: Fielders Choice at 2nd, 5-4 (Groundball, 56, EV 80.6 MPH)
Top of the 3rd over - 0 runs, 0 hits, 0 errors, 1 left on base; Milwaukee 1 - Toronto 0
BOTTOM OF THE 3RD
Toronto Blue Jays batting - Pitching for Milwaukee Brewers : RHP Héctor Alemán
Pitching: RHP Richard Powell
Batting: LHB Jake Miller 0-0: Called Strike
0-1: SINGLE (Groundball, 4MD, EV 98.8 MPH)
Batting: RHB Paul Robertson 0-0: Ball
1-0: Ball
2-0: Called Strike
2-1: Ball
3-1: Swinging Strike
3-2: Fly out, F8 (Flyball, 78M, EV 98.8 MPH)
Batting: RHB Sam Hernández 0-0: Fly out, F7 (Flyball, 7, EV 96.9 MPH)
Batting: LHB Mike González 0-0: Ball
1-0: Called Strike
1-1: Ball
2-1: Ball
3-1: Base on Balls
Jake Miller to second
Batting: LHB Dai-lin Xiu 0-0: Called Strike
0-1: Ground out U3 (Groundball, 3L, EV 84.4 MPH)
Bottom of the 3rd over - 0 runs, 1 hit, 0 errors, 2 left on base; Milwaukee 1 - Toronto 0
TOP OF THE 4TH
Milwaukee Brewers batting - Pitching for Toronto Blue Jays : RHP Matt Conl
Batting: RHB Aaron Carlisle 0-0: Ball
1-0: Foul Ball, location: 7LMF
1-1: Swinging Strike
1-2: Strikes out swinging
Batting: RHB Troy Gunther 0-0: Swinging Strike
0-1: Ball
1-1: Ground out 6-3 (Groundball, 6, EV 83.8 MPH)
Batting: RHB Mike Miller 0-0: Foul Ball, location: 2F
0-1: Ball
1-1: Called Strike
1-2: Strikes out swinging
Top of the 4th over - 0 runs, 0 hits, 0 errors, 0 left on base; Milwaukee 1 - Toronto 0
BOTTOM OF THE 4TH
Toronto Blue Jays batting - Pitching for Milwaukee Brewers : RHP Richard Powell
Batting: LHB John Alcorn 0-0: Called Strike
0-1: Called Strike
0-2: Ball
1-2: Fly out, F7 (Flyball, 7D, EV 88.1 MPH)
Batting: LHB Stan Encell 0-0: Fly out, F7 (Flyball, 78M, EV 95.0 MPH)
Batting: LHB Mels Isabekian 0-0: Fly out, F8 (Flyball, 8RD, EV 75.0 MPH)
Bottom of the 4th over - 0 runs, 0 hits, 0 errors, 0 left on base; Milwaukee 1 - Toronto 0
TOP OF THE 5TH
Milwaukee Brewers batting - Pitching for Toronto Blue Jays : RHP Matt Conl
Batting: RHB Steve White 0-0: Ball
1-0: Ground out 4-3 (Groundball, 4, EV 87.5 MPH)
Batting: LHB John Brosseau 0-0: DOUBLE (Line Drive, 89XD, EV 102.5 MPH)
Batting: SHB Raúl Romero 0-0: Called Strike
0-1: Ball
1-1: Ball
2-1: Fly out, F8 (Flyball, 8RM, EV 82.5 MPH)
Batting: LHB Stanley Hawkins 0-0: Ball
1-0: Called Strike
1-1: Ball
2-1: Foul Ball, location: 5SF
2-2: Strikes out looking
Top of the 5th over - 0 runs, 1 hit, 0 errors, 1 left on base; Milwaukee 1 - Toronto 0
BOTTOM OF THE 5TH
Toronto Blue Jays batting - Pitching for Milwaukee Brewers : RHP Richard Powell
Batting: RHB Jesús González 0-0: Foul Ball, location: 3FF
0-1: Ball
1-1: Swinging Strike
1-2: Ball
2-2: Ball
3-2: Base on Balls
Batting: LHB Jake Miller 0-0: Foul Ball, location: 7LDF
0-1: Ball
1-1: Ball
2-1: Grounds into double play, 1-6-3 (Groundball, 34S, EV 62.5 MPH)
Batting: RHB Paul Robertson 0-0: Called Strike
0-1: Swinging Strike
0-2: Fly out, F9 (Flyball, 9, EV 86.9 MPH)
Bottom of the 5th over - 0 runs, 0 hits, 0 errors, 0 left on base; Milwaukee 1 - Toronto 0
TOP OF THE 6TH
Milwaukee Brewers batting - Pitching for Toronto Blue Jays : RHP Matt Conl
Batting: SHB Ray Day 0-0: Ball
1-0: SINGLE (Flyball, 34D, EV 90.6 MPH)
Batting: LHB Bing-zhang Sun 0-0: SINGLE (Groundball, 34D, EV 106.3 MPH)
Ray Day to second
Runner from 2nd tries for 3rd, SAFE, no throw by RF
Batting: RHB Aaron Carlisle 0-0: Ball
1-0: Called Strike
1-1: Swinging Strike
1-2: Foul Ball, location: 9LSF
1-2: Foul Ball, location: 2F
1-2: Strikes out swinging
Batting: RHB Troy Gunther 0-0: Ball
1-0: SINGLE (Line Drive, 3L, EV 110.0 MPH)
Ray Day scores
Bing-zhang Sun to second
Batting: RHB Mike Miller 0-0: Ball
1-0: Called Strike
1-1: Ball
2-1: Ball
Wild Pitch!
Bing-zhang Sun to third
Troy Gunther to second
3-1: Base on Balls
Batting: RHB Steve White 0-0: Ball
1-0: Ball
2-0: Foul Ball, location: 25FF
2-1: Fly out, F9 (Flyball, 89XD, EV 110.6 MPH)
Runner from 3rd tags up, SCORES, no throw by RF
Troy Gunther to third
Pitching: RHP Mike Maddo
Batting: LHB John Brosseau 0-0: Called Strike
0-1: Called Strike
0-2: Ball
1-2: Foul Ball, location: 7LDF
1-2: Foul Ball, location: 25F
1-2: Strikes out swinging
Top of the 6th over - 2 runs, 3 hits, 0 errors, 2 left on base; Milwaukee 3 - Toronto 0
BOTTOM OF THE 6TH
Toronto Blue Jays batting - Pitching for Milwaukee Brewers : RHP Richard Powell
Batting: RHB Sam Hernández 0-0: Called Strike
0-1: Swinging Strike
0-2: Ball
1-2: Strikes out swinging
Batting: LHB Mike González 0-0: Swinging Strike
0-1: Foul Ball, location: 7LSF
0-2: Ball
1-2: Strikes out swinging
Batting: LHB Dai-lin Xiu 0-0: Called Strike
0-1: Ball
1-1: Swinging Strike
1-2: Fly out, F9 (Flyball, 89M, EV 93.1 MPH)
Bottom of the 6th over - 0 runs, 0 hits, 0 errors, 0 left on base; Milwaukee 3 - Toronto 0
TOP OF THE 7TH
Milwaukee Brewers batting - Pitching for Toronto Blue Jays : RHP Mike Maddo
Batting: SHB Raúl Romero 0-0: SOLO HOME RUN (Flyball, 89XD, EV 105.6 MPH), Distance : 406 ft
Batting: LHB Stanley Hawkins 0-0: Called Strike
0-1: Ball
1-1: Called Strike
1-2: Ball
2-2: Foul Ball, location: 7LMF
2-2: Ground out 5-3 (Groundball, 5, EV 85.0 MPH)
Batting: SHB Ray Day 0-0: Foul Ball, location: 2F
0-1: Ball
1-1: Foul Ball, location: 2F
1-2: Strikes out looking
Batting: LHB Bing-zhang Sun 0-0: Ball
1-0: Ball
2-0: Swinging Strike
2-1: Foul Ball, location: 7LMF
2-2: Strikes out swinging
Top of the 7th over - 1 run, 1 hit, 0 errors, 0 left on base; Milwaukee 4 - Toronto 0
BOTTOM OF THE 7TH
Toronto Blue Jays batting - Pitching for Milwaukee Brewers : RHP Richard Powell
Batting: LHB John Alcorn 0-0: Ground out 6-3 (Groundball, 15, EV 78.1 MPH)
Batting: LHB Stan Encell 0-0: Swinging Strike
0-1: SINGLE (Groundball, 34D, EV 98.8 MPH)
Batting: LHB Mels Isabekian 0-0: Ball
1-0: Ball
2-0: Ball
3-0: Called Strike
3-1: Fly out, F9 (Flyball, 9, EV 83.8 MPH)
Batting: RHB Jesús González 0-0: SINGLE (Groundball, 34D, EV 95.0 MPH)
Stan Encell to second
Runner from 2nd tries for 3rd, SAFE, no throw by RF
Batting: LHB Jake Miller 0-0: Called Strike
0-1: SINGLE (Groundball, 6MD, EV 100.6 MPH)
Stan Encell scores
Jesús González to second
Batting: RHB Paul Robertson 0-0: 3-RUN HOME RUN (Flyball, 78XD, EV 101.9 MPH), Distance : 412 ft
Batting: RHB Sam Hernández 0-0: Ground out 6-3 (Groundball, 6M, EV 81.9 MPH)
Bottom of the 7th over - 4 runs, 4 hits, 0 errors, 0 left on base; Milwaukee 4 - Toronto 4
TOP OF THE 8TH
Milwaukee Brewers batting - Pitching for Toronto Blue Jays : RHP Mike Maddo
Batting: RHB Aaron Carlisle 0-0: Called Strike
0-1: Ball
1-1: Ball
2-1: Called Strike
2-2: Strikes out swinging
Batting: RHB Troy Gunther 0-0: Ball
1-0: Called Strike
1-1: Foul Ball, location: 25F
1-2: Ball
2-2: Strikes out looking
Batting: RHB Mike Miller 0-0: Ball
1-0: Ball
2-0: Ball
3-0: Base on Balls
Pitching: RHP José Hernández
Pinch Hitting: LHB Roberto Rodríguez 0-0: Called Strike
0-1: Foul Ball, location: 5F
0-2: Foul Ball, location: 2F
0-2: Ball
1-2: Ball
2-2: Strikes out swinging
Top of the 8th over - 0 runs, 0 hits, 0 errors, 1 left on base; Milwaukee 4 - Toronto 4
BOTTOM OF THE 8TH
Toronto Blue Jays batting - Pitching for Milwaukee Brewers : RHP Richard Powell
Now at 3B: Salvador López
Now at SS: John Brosseau
Batting: LHB Mike González 0-0: Called Strike
0-1: Called Strike
0-2: Ball
1-2: Fly out, F9 (Flyball, 9S, EV 87.5 MPH)
Batting: LHB Dai-lin Xiu 0-0: Called Strike
0-1: DOUBLE (Flyball, 8LXD, EV 111.9 MPH)
Batting: LHB John Alcorn 0-0: Intentional Walk
Batting: LHB Stan Encell 0-0: Swinging Strike
0-1: Ball
1-1: Ball
2-1: Foul Ball, location: 9LMF
2-2: Ball
3-2: Fly out, F7 (Flyball, 78S, EV 91.3 MPH)
Batting: LHB Mels Isabekian 0-0: Foul Ball, location: 2F
0-1: Ball
1-1: DOUBLE (Line Drive, 78D, EV 109.4 MPH)
Dai-lin Xiu scores
John Alcorn to third
Pitching: RHP Sam Gregory
Batting: RHB Jesús González 0-0: Ball
1-0: Fly out, F7 (Flyball, 78XD, EV 81.9 MPH)
Bottom of the 8th over - 1 run, 2 hits, 0 errors, 2 left on base; Milwaukee 4 - Toronto 5
TOP OF THE 9TH
Milwaukee Brewers batting - Pitching for Toronto Blue Jays : RHP José Hernández
Pitching: RHP Lou Markakis
Now at 1B: Sam Childress
Now in RF: Luis Román
Batting: LHB John Brosseau 0-0: Ball
1-0: Ground out 4-3 (Groundball, 34D, EV 100.0 MPH)
Batting: SHB Raúl Romero 0-0: Ball
1-0: Called Strike
1-1: Ball
2-1: Called Strike
2-2: Ball
3-2: Base on Balls
Batting: LHB Stanley Hawkins 0-0: Ball
1-0: Ball
2-0: Ball
3-0: Base on Balls
Raúl Romero to second
Batting: SHB Ray Day 0-0: Ball
1-0: Foul Ball, location: 25F
1-1: Foul Ball, location: 2F
1-2: Strikes out looking
Batting: LHB Bing-zhang Sun 0-0: Ball
1-0: Fly out, F9 (Flyball, 9S, EV 68.1 MPH)
Top of the 9th over - 0 runs, 0 hits, 0 errors, 2 left on base; Milwaukee 4 - Toronto 5
Wednesday, February 14th , 2024 - OOTP Baseball 24.10 Build 82